[Event "World U20-ch22"]
[Site "Belfort"]
[Date "1983.08.24"]
[Round "11"]
[White "Stohl, Igor"]
[Black "Schandorff, Lars"]
[Result "1-0"]
[ECO "A16"]
[WhiteElo "2335"]
[BlackElo "2355"]
[Annotator "Bulletin/Primel,D"]
[PlyCount "57"]
[EventDate "1983.08.12"]
[EventType "swiss"]
[EventRounds "13"]
[EventCountry "FRA"]
[SourceTitle "EXT 2015"]
[Source "ChessBase"]
[SourceDate "2014.11.20"]
[SourceVersion "1"]
[SourceVersionDate "2014.11.20"]
[SourceQuality "1"]
[TimeControl "40/9000:16/5400:0"]

1. c4 Nf6 2. Nc3 d5 3. cxd5 Nxd5 4. Nf3 g6 5. h4 $5 h6 (5... Bg7 6. h5 $36) 6.
e4 Nxc3 7. bxc3 (7. dxc3 Qxd1+ 8. Kxd1 Bg4 9. Kc2 Nd7 10. Be3 $14) 7... Bg7 8.
d4 {Laissant l'option de transposer dans une Gruenfeld} c5 9. Rb1 (9. Be3) 9...
Nd7 10. Be2 Nf6 11. e5 Nd5 12. Bd2 cxd4 13. cxd4 a6 14. Bd3 b5 15. a4 $1 bxa4
16. Qxa4+ Bd7 17. Qb3 Be6 18. Bxa6 O-O 19. Bc4 Rc8 20. h5 gxh5 21. Ra1 Qd7 $13
{[%csl Re1] Le K Blanc est bloqué au centre mais celui des Noirs est
également en insécurité} (21... Ne3 $1 22. Bxe6 Nc2+ 23. Ke2 Nxa1 24. Rxa1
$13) 22. Qb5 $1 Qxb5 {L'échange des Q soulage les Blancs} 23. Bxb5 Bg4 24. Bd3
f6 (24... Rfd8 $132 ) 25. Ra5 Rfd8 26. Bg6 fxe5 27. dxe5 Rb8 28.
Rh4 Rb1+ $4 {La fatigue commence à se faire sentir en fin de championnat.} (
28... Nb4 $11 ) 29. Bxb1 1-0

[Event "Khanty-Mansiysk FIDE GP (Women)"]
[Site "Khanty-Mansiysk"]
[Date "2014.04.20"]
[Round "10"]
[White "Zhao, Xue"]
[Black "Batchimeg, Tuvshintugs"]
[Result "0-1"]
[ECO "A16"]
[WhiteElo "2552"]
[BlackElo "2340"]
[Annotator "ChessBase Website"]
[PlyCount "96"]
[EventDate "2014.04.09"]
[EventType "tourn"]
[EventRounds "11"]
[EventCountry "RUS"]
[EventCategory "10"]
[SourceTitle "CBM 160"]
[Source "ChessBase"]
[SourceDate "2014.05.15"]
[SourceVersion "1"]
[SourceVersionDate "2014.05.15"]
[SourceQuality "1"]
[TimeControl "40/5400+30:1800+30"]
[WhiteClock "1:30:00"]
[BlackClock "1:30:00"]

1. c4 Nf6 2. Nc3 d5 3. cxd5 Nxd5 4. Nf3 g6 5. e4 Nxc3 6.
bxc3 Bg7 7. Ba3 O-O 8. Bc4 c5 9. O-O Bg4 (9... Qc7 10. Rc1 Nc6 11. d4 b6 12. Qe2 Na5 13. Bd5
Rb8 14. h3 e6 15. Bb3 Bb7 16. c4 Ba6 17. Qe3 cxd4 18. Nxd4 Rfd8 19. Nb5 Bxb5
20. cxb5 Qe5 21. Qe2 h5 22. Kh1 Qf4 23. Rc2 Rd4 24. Re1 Rbd8 25. Bc1 Qh4 26.
Rc7 Be5 27. Rxa7 Bb8 28. Ra8 Nxb3 29. axb3 Rxe4 30. Be3 Re5 31. Rd1 Kh7 32.
Raa1 Red5 33. Bxb6 Qe4 34. Qxe4 Rxd1+ 35. Qe1 Rxe1+ 36. Rxe1 Rd5 37. b4 Rxb5
38. Bc5 Rb7 39. Rb1 {Gurevich,D (2575)-Tseitlin,M (2430) Beersheba 1993 1-0 
(67)}) 10. Bd5 $146 (10. Rb1 Nc6 11. Bxc5 Bxf3 12. gxf3 Qc7
13. Be3 Rad8 14. Qe2 b6 15. d4 Na5 16. Ba6 e5 17. d5 f5 18. c4 Rf6 19. Bg5 Rdd6
20. Bxf6 Rxf6 21. c5 Bh6 22. d6 Qd8 23. Rfd1 Bf4 24. d7 Nc6 25. Qc4+ Kg7 26.
Qd5 Nd4 27. Rxd4 exd4 28. e5 Rf8 29. c6 Qc7 30. Re1 Bg5 31. e6 Be7 32. Qe5+
Qxe5 33. Rxe5 Bd6 34. Rd5 {1-0 (34) Vuitton,G (2093)-Pazeriene,D (2025) Rynia
2013}) 10... Nd7 11. d4 Qa5 12. Qb3 Bxf3 13. gxf3 e6 14. Bc4 b5 15. Be2 Rfc8 16. Bb2 cxd4 17. cxd4 Qd2 18. Rfe1 Nc5 19. dxc5 Bxb2 20. Rab1 Qg5+ 21. Kh1 Be5 $36 {
[%emt 0:00:18][%csl Re2,Ge5,Rf3,Rh1][%cal Gg5f4] Zhao Xue played a sharp
anti-Gruenfeld but Tuvshintugs was not intimidated in the least. She launched
her pawns forward and attacked in every flank, eventually winning one pawn on
the queenside and shattering her opponent's kingside pawn structure, exposing
the king. The combination of this and the opposite colored bishops, which
favors the attacker, gave Black a decisive advantage that she saw through with
no problems.} 22. Rg1 Qh4 23. Rg2 Rxc5 24. Kg1 a6 25.
a4 bxa4 26. Qxa4 a5 27. Bf1 Qf4 28. Rg3 Rc1 29. Rxc1 Qxc1 30. Rg4 h5 31. Rg2 Qc3 32. Rg5 Bf4 33. Rb5 Qxf3 34. h3 Qc3 35.
Rb3 Qf6 36. Rb5 Bc7 37. e5 Qg5+ 38. Kh1 Rd8 39. Rc5 Bxe5 40.
Qxa5 Rd1 41. Qa8+ Kg7 42. Qg2 Qf4 43. Kg1 Bd4 44. Rc2 e5 45.
Re2 Qc1 46. h4 Qf4 47. Qh3 e4 48. Kg2 Rd3 0-1

[Event "EU-ch 12th"]
[Site "Aix les Bains"]
[Date "2011.03.24"]
[Round "3"]
[White "Hammer, Jon Ludvig"]
[Black "Bok, Benjamin"]
[Result "1/2-1/2"]
[ECO "A16"]
[WhiteElo "2606"]
[BlackElo "2463"]
[Annotator "Marchand,A/Primel,D"]
[PlyCount "52"]
[EventDate "2011.03.22"]
[EventType "swiss"]
[EventRounds "11"]
[EventCountry "FRA"]
[SourceTitle "CBM 142 Extra"]
[Source "ChessBase"]
[SourceDate "2011.06.27"]
[SourceVersion "1"]
[SourceVersionDate "2011.06.27"]
[SourceQuality "1"]
[TimeControl "40/5400+30:1800+30"]

1. Nf3 Nf6 2. c4 g6 3. Nc3 d5 4. cxd5 Nxd5 5. h4 $5 {Une ligne secondaire
agressive devenue assez populaire récemment et relativement inexplorée par la
théorie} (5. Qa4+ Bd7 6. Qh4) (5. e4 Nxc3 6. dxc3 Qxd1+ 7. Kxd1 f6 8. Be3) (5.
Qb3 Nb6 6. d4 Bg7) (5. Qc2 Nc6 6. d4 Ndb4 7. Qa4 Bd7 8. Qd1 $8 e5 9. dxe5 Bf5 10. Bg5 Be7 11. e4 Bg4 12. Bxe7 Qxe7 13. a3 Bxf3 14.
gxf3 Rd8 {Vorobiov,E (2574)-Sutovsky,E (2700) FIDE World Cup 2011 (1.1) 1/2})
5... Nf6 $5 {[%csl Gh5] Les Blancs décident de surcontrôler la case sensible
"h5" mais le N a déjà joué 03 fois en 05 coups. Malgré la perte de temps,
c'est probablement une suite plus solide que le coup Bg7 joué par le
néerlandais deux mois plus tôt.} (5... h6 6. e4 Nxc3 7. bxc3 (7. dxc3 Qxd1+ 8.
Kxd1 Bg4 9. Kc2 Nd7 {Eljanov,P (2716)-Sutovsky,E (2675) Richard Riordan Blitz
2009 (10) 1-0}) 7... Bg7 8. d4 c5 9. Rb1 O-O 10. Be2 Nd7 11. O-O e5 12. h5 exd4
13. hxg6 (13. cxd4) 13... fxg6 14. cxd4 cxd4 15. Nxd4 Nc5 16. Be3 (16. Bc4+ Kh8
17. Bd5 $14) 16... Nxe4 {Ribli,Z (2580)-Smejkal,J (2565) Novi Sad 1982 1/2}) (
5... Bg7 $6 6. h5 $1 Nc6 (6... Nxc3 7. bxc3 c5 8. Qa4+ (8. d4) (8. e4 Nc6 9.
Rb1 $14 {Tosic,M (2517)-Atalik,S (2593) YUG Cup Herceg Novi 1999 0-1})) (6...
O-O $6 7. hxg6 (7. Qb3 $146 Nxc3 $6 (7... Nb6 $1 8. hxg6 (8. Ng5 e5 9. d3 c5
10. hxg6 hxg6 11. Be3 (11. Nh7 Be6 (11... Re8 12. Bg5) 12. Qb5 Nc6 13. Qxc5 Re8
14. Bd2 (14. Bg5) 14... Qd4) 11... Nc6) 8... hxg6 9. Ng5 (9. d4 Be6 $132) (9.
Qb4 e5) 9... c5 10. e3 (10. a4 c4) 10... Nc6 11.
Nxf7) 8. dxc3 $1 c5 (
8... Nc6 9. hxg6 hxg6) 9. hxg6 hxg6 10. Qc4 ) 7... hxg6 8.
Qa4 $36 {Sumets,A (2440)-Moldovanenko,V (2346) Odessa-ch 2001 (11) 1-0}) 7. g3
(7. d4 Bg4 8. h6 Bf6 9. e4 $6 {Naiditsch,A (2712)-Volokitin,A (2695) San
Sebastian KO GpA 2011 (4) 0-1} (9. e3 O-O 10. Be2 Nxc3 11. bxc3 Na5 12. Nd2 {
Nepomniachtchi,I (2718)-Rodshtein,M (2641) EU-Cup 27th Rogaska Slatina 2011 (5)
1/2} (12. e4 Bxf3 13. Bxf3 e5 $11 ))) 7... Bg4 8. h6 Bxc3 (8...
Bf6 9. e4) 9. dxc3 (9. bxc3 Bxf3 10. exf3 Qd6 11. Be2 O-O-O 12. Qb3 f5 13. a4
e5 14. a5 e4 15. f4 Nf6 ({RR} 15... a6) 16. O-O Ng4 17. Ba3 Qxd2 18. a6 Na5 19.
axb7+ Kb8 20. Qb5 e3 21. Bc5 exf2+ 22. Rxf2) 9... Qd7 10. Bg2 f6 11. Ne5 Nxe5
12. Qxd5 Qxd5 13. Bxd5 O-O-O 14. Bb3 Bd7 15. Bf4 Bc6 16. f3 Bd5 17. Bxe5 fxe5
18. Rh4 Rhf8 19. Kf2 Rf6 20. Ke3 Rfd6 21. Bxd5 Rxd5 22. Re4 a5 23. c4 Rc5 {
Ivanisevic,I (2630)-Bok,B (2453)/Wijk aan Zee 2011/CBM 141/1-0 (45)}) (5... h5 ) 6. d4 Bg7 7. e4 O-O 8. Bc4 $6 $146 {Les Noirs
vont utiliser le même thème tactique que dans la partie de Moscou 2003 mais la
différence importante est le fait que le P"b" attaque le Bc4 et les Blancs
n'ont donc plus l'option de jouer e4e5} (8. Be2 $142 c5 9. d5 b5 $13 10. e5 {
Zvjaginsev,V (2671)-Najer,E (2585) Moscow Aeroflot op-A 2003 (5) 1/2}) (8. Bg5)
(8. h5 $5 $146 {Risqué mais les Blancs ont des compensations acceptables pour
le P} Nxh5 9. Be3 Bg4 10. Qb3 (10. Qd2 Nc6 11. d5 Bxf3 12. gxf3 Ne5 13. Be2 c6
(13... f5 14. f4 Ng4 15. Bxg4 fxg4 16. O-O-O (16. e5) 16... c6 17. Qe2 $13) 14.
f4 $44 ) (10. Be2 c5 ) 10... Nc6 11. d5 (11.
O-O-O) 11... Na5 12. Qa3 c6 13. Rd1 (13. O-O-O)) 8... c5 (8... Bg4 {[%csl Rd4]
[%cal Gg4d1] Un coup candidat comme les Blancs n'ont pas joué Be2} 9. Be3 Nc6)
9. d5 $6 (9. dxc5 $5 Qxd1+ 10. Kxd1 Nc6 (10... Bg4 11. Kc2) (10... Nbd7 11. Be3
(11. c6) 11... Ng4 12. Ke2 Nxe3 13. Kxe3 Nxc5 14. Rac1 (14. h5 Bxc3) 14... Bh6+
15. Ng5 $13) 11. Be3 Bg4 12. Kc2) (9. Bg5 $5 $32 cxd4 10. Qxd4 Nc6 (10... Qxd4
11. Nxd4 Nxe4 12. Nxe4 Bxd4 13. O-O-O Nc6 14. Bd5 (14. h5 Bf5) 14... e5 15. h5
$36 ) 11. Qxd8 Rxd8 12. O-O Bg4 $11) (9. h5 $5 {
Un sacrifice tentant après le oo des Noirs et les Blancs ont des bonnes
compensations.} cxd4 (9... Nxh5 10. dxc5 Qxd1+ 11. Nxd1 Nd7 12. Be3 Nhf6 13.
Nc3 $14 {[%csl Ra8,Rc8][%cal Ge1c1] Les Noirs ont un peu de mal а terminer le
développement de l'aile-dame}) 10. hxg6 hxg6 11. Qxd4 Qxd4 12. Nxd4 Nxe4 13.
Nxe4 Bxd4 14. Bh6 Rd8 15. Ng5 e6 16. O-O-O $32) 9... b5 $1 $132 10. Nxb5 (10. Bxb5 Nxe4) 10... Nxe4 11. O-O (11. h5 $5 {Plus risqué mais
semble également davantage dans l'esprit de la variante h4} Bg4 (11... Bf5) 12.
hxg6 hxg6 13. Qe2 Qa5+ (13... Nd6 14. Bg5 Nxc4 15. Qxc4 Qd7 16. O-O-O $36) 14. Kf1 Nd6 15. Nxd6 exd6 16. Bf4 Nd7 17. Bxd6
Rfe8 18. Be7 $1 ) 11... a6 12. Nc3 Nxc3 13. bxc3 Bg4 $1 {[%csl
Rc3,Rh4][%cal Gg4d1] Après le roque Blanc, il est difficile de justifer le
coup h2h4} 14. Bg5 h6 (14... Bxc3) 15. Be3 Nd7 16. Be2
Nb6 17. c4 Bxf3 (17... Bxa1 $6 18. Qxa1 $44 ) 18.
gxf3 {[%csl Rc4,Rf3,Rh4] La partie commence а mal tourner pour les Blancs qui
doivent maintenant se battre pour la nulle} Qd6 (18... Bxa1 {Il était
peut-être possible а ce moment de prendre la qualité} 19. Qxa1 Kh7 20. Bxc5
Nxc4 21. Bxc4 Qc7 (21... Rc8) 22. Qd4 Rfc8 23. Bxe7 Qxc4) 19. Rb1 Qf6 20. Bxc5
Qxh4 21. Bxb6 Be5 22. f4 Qxf4 23. Kg2 Qh2+ 24. Kf3 Qf4+ 25. Kg2 Qh2+ 26. Kf3
Qf4+ 1/2-1/2

[Event "EU-ch 12th"]
[Site "Aix les Bains"]
[Date "2011.03.22"]
[Round "1"]
[White "Sermier, Guillaume"]
[Black "Nepomniachtchi, Ian"]
[Result "0-1"]
[ECO "A16"]
[WhiteElo "2428"]
[BlackElo "2729"]
[Annotator "Marchand,A/Primel,D"]
[PlyCount "82"]
[EventDate "2011.03.22"]
[EventType "swiss"]
[EventRounds "11"]
[EventCountry "FRA"]
[SourceTitle "CBM 142 Extra"]
[Source "ChessBase"]
[SourceDate "2011.06.27"]
[SourceVersion "1"]
[SourceVersionDate "2011.06.27"]
[SourceQuality "1"]
[TimeControl "40/5400+30:1800+30"]

1. Nf3 Nf6 2. c4 g6 3. Nc3 d5 4. cxd5 Nxd5 5. e4 (5. Qa4+ Bd7 6. Qh4 Bc6 7. Qd4
f6 8. e3 Bg7 9. Be2 e5 10. Qc4 Nb6 11. Qe6+ Qe7 12. Qxe7+ Kxe7 13. b4 a6 14. a4
Rd8 15. Bb2 Nd5 16. Ba3 b5 {Vaganian,R (2595)-Yandemirov,V (2325) URS-chT
Nabereznye Chelny 1988 1-0} (16... Nxc3 $6 17. b5+ Ke8 18. bxc6 Nxe2 19. cxb7
Ra7 20. Kxe2 Rxb7 21. Rab1 $14 {Yanderimov})) 5... Nxc3 6. dxc3 {Une ligne
solide qui a rapporté beaucoup au point au GMI ANDERSSON dans les années 70-80}
Qxd1+ 7. Kxd1 f6 $1 (7... Bg7 $143 {Le coup naturel est imprécis} 8. Bf4 $1 c6 9. Kc2 $14) (7... Nd7 8. Bf4 c6 9. a4 f6 (9... Bg7 $143 10. Bc4
O-O $6 (10... Nc5 $142 {Mednis}))) 8. Be3 (8. Bc4 e5 9. Be3) (8. h4 $5 h5 (8...
Bg4) 9. e5 Nc6 10. Bd3 Kf7 {Vera Gonzalez Quevedo,R (2495)-Arencibia Rodriguez,
W (2535) Capablanca Memorial-B 1992 (5) 1/2}) (8. Nd4 $143 e5 9. Nb5 Na6 10.
Be3 Be6 11. b4 c6 $11) 8... e5 9. Nd2 {Un thème courant dans cette variante}
Nd7 $1 {[%cal Gf8c5] Le plus précis car si les Noirs peuvent échanger le Bf8,
ils n'auront plus aucun problème} (9... Be6 10. Bc4 Bxc4 11. Nxc4 Nd7 12. b4 Nb6 13. Na5 O-O-O+ 14. Kc2 Be7 (14... h5 $1 15. Rad1
Rxd1 16. Rxd1 Bh6 $132) 15. a3) (9... a5) 10. Kc2 Bc5 $11 11. Bxc5 Nxc5 12. f3
(12. b4) 12... a5 13. Nc4 $146 ({RR} 13. Bc4 Be6 14. Bxe6 Nxe6 15. a4 {1/2-1/2
Sharavdorj,D (2411)-Mikhalevski,V (2548)/Burbank 2003/CBM 097 ext}) 13... Ke7 (
13... Be6) 14. Ne3 c6 15. h4 h5 (15... a4 16. h5) (15... b5) 16. g3 Bd7 (16...
Be6) (16... Rd8 {Gagne un tempo si les Blancs jouent Bh3} 17. Bh3 Bxh3 18. Rxh3
Rd3 $32 ) 17. Bh3 Be8 (17... Bxh3 18. Rxh3 Rhd8 $11)
18. Rhd1 Bf7 19. b3 Ra7 20. Kb2 $6 (20. Rd2 $142 {Evite de perdre un tempo sur
la poussée a4a3} a4 21. b4 Ne6 22. Rad1) 20... b5 21. Rac1 a4
22. b4 a3+ $1 23. Kb1 (23. Kc2) 23... Na4 24. Rd3 Nb2 25. Rd2
Rd8 26. Rxd8 Kxd8 27. Rc2 Ke7 28. Rd2 Na4 $36 29. Rd3 c5 30. bxc5
Nxc5 31. Nd5+ Bxd5 32. Rxd5 Na4 33. Kc2 Rc7 34. Rxb5 $2 $138 Rxc3+ {Les Noirs
avaient plus d'une heure d'avance а la pendule!} 35. Kb1 Rxf3 36. Rb7+ Kd6 37.
Rb3 Rxb3+ 38. axb3 Nc3+ 39. Ka1 Nxe4 40. g4 hxg4 41. Bxg4 f5 0-1

[Event "Metz op 31th"]
[Site "Metz"]
[Date "2013.04.23"]
[Round "6"]
[White "Donchenko, Alexander"]
[Black "Migot, Tangi"]
[Result "1-0"]
[ECO "A16"]
[WhiteElo "2428"]
[BlackElo "2311"]
[Annotator "Metz Alekhine/Primel,D"]
[PlyCount "79"]
[EventDate "2013.04.20"]
[EventType "swiss"]
[EventRounds "9"]
[EventCountry "FRA"]
[SourceTitle "EXT 2016"]
[Source "ChessBase"]
[SourceDate "2015.10.08"]
[SourceVersion "1"]
[SourceVersionDate "2015.10.08"]
[SourceQuality "1"]
[TimeControl "40/5400:1800+30"]
[WhiteClock "1:30:00"]
[BlackClock "1:30:00"]

1. c4 Nf6 2. g3 d5 3. cxd5 Nxd5 4. Bg2 g6 5. Nc3 Nb6 6. d3 (6. h4 $5 h6 {
Le Quang,L (2717)-Robson,R (2583) Lubbock SPICE Cup-A 5th 2011 (4) 1/2-1/2}) (
6. Nf3 Bg7 7. O-O O-O 8. d4 (8. b3 a5 9. Bb2 a4 10. Nxa4 Nxa4 11. Bxg7 Kxg7 12.
bxa4 Nc6 13. d3 e5 14. Rc1 Re8 15. Nd2 Nd4 16. e3 Nf5 {Cvetkovic,S (2352)
-Kozhuharov,S (2461) Arad op 2013 (9) 1/2} (16... Ne6 17. Qb3 $14 {Cvetkovic}))
8... Nc6 9. e3 (9. d5)) 6... Bg7 7. Be3 Nc6 8. Rc1 (8. Bxc6+ bxc6 9. Qc1 h5 10.
h4 Nd5 11. Bd2 $14 {Belous, V (2426)-Zabotin,A (2512) RUS-ch Higher League
62nd 2009 (7) 1-0}) 8... Nd4 9. Qd2 Nf5 10. Bc5 c6 (10... O-O 11. Nf3) 11. Nf3
O-O 12. O-O Re8 13. Ba3 $146 (13. Rfd1 a5 {Ornstein,A (2392)-Miron,L (2506)
Agneaux St Lo IM 14th 2012 (3) 1/2-1/2}) 13... a5 14. e3 Nd6 15. Qe2 Nd5 16. e4
Nb4 17. Rfd1 $14 Be6 $5 18. Ra1 h6 19. d4 Bc4 20. Qd2 Ba6 {
[%csl Ra3,Ra6] Une position originale avec les 04 fous dans des positions
symétriques} 21. b3 Kh7 (21... c5 $5 22. e5 cxd4) 22. e5 Nc8 23. Ne4 Nd5 24.
h4 f5 25. Nc5 $36 e6 (25... b6 26. Nxa6 Rxa6 27. h5) 26. Qc2 Kg8 27. Nd2 Bb5 $6 (27... Bf8 )
28. Nxb7 Qc7 29. Nc5 Qf7 30. Bb2 Rf8 31. Nc4 {Les Noirs n'ont pas de
compensations} Ra7 32. Bc1 f4 33. Be4 Nb4 34. Qd2 fxg3 35. fxg3 Bxc4 36. bxc4
Nb6 37. Qe2 Nxc4 38. Bf4 Nb6 39. Qg4 N6d5 40. Bxg6 1-0

[Event "Sautron op 11th"]
[Site "Sautron"]
[Date "2011.10.29"]
[Round "9"]
[White "Ivanov, Jordan"]
[Black "Le Roux, Jean Pierre"]
[Result "0-1"]
[ECO "A16"]
[WhiteElo "2402"]
[BlackElo "2522"]
[Annotator "Primel,D"]
[PlyCount "58"]
[EventDate "2011.10.22"]
[EventType "swiss"]
[EventRounds "9"]
[EventCountry "FRA"]
[SourceTitle "EXT 2016"]
[Source "ChessBase"]
[SourceDate "2015.10.08"]
[SourceVersion "1"]
[SourceVersionDate "2015.10.08"]
[SourceQuality "1"]
[TimeControl "40/5400+30:1800+30"]
[WhiteClock "1:30:00"]
[BlackClock "1:30:00"]

1. Nf3 Nf6 2. c4 g6 3. Nc3 d5 4. cxd5 Nxd5 5. Qc2 $5 {Une étonnante idée de
Topalov} Nc6 (5... Bg7 $143 6. e4 Nxc3 7. dxc3 O-O (7... Nd7 8. h4 $5) 8. Bf4 c5 9. Bc4 Nc6 10. h3 $14 {Diaz Hollemaert,N (2418)-Lujan,M (2366)
ARG-ch 87th Villa Martelli 2013 (6) 1/2} (10. Rd1 Qa5 11. O-O Bg4 $132)) (5...
Nb4 6. Qa4+ (6. Qb3)) 6. d4 (6. e4 Ndb4 7. Qa4 (7. Qb1 Bg4 8. a3 Bxf3 9. axb4
Bg4 10. Bb5 Qd6 11. d4 Bd7 12. Bxc6 bxc6 13. Be3) 7... Bd7 8.
Qb3) 6... Ndb4 7. Qa4 Bd7 8. Qd1 e5 9. dxe5 Bf5 (9... Bg4 10. Bg5 Be7 (10...
Qxd1+ 11. Rxd1 Bxf3 12. gxf3 (12. Bf6 Bg4 13. Bxh8))) 10. Bg5 {89} Be7 {84} (
10... Nc2+ 11. Qxc2 Bxc2 12. Bxd8 {So,W (2653)-Gupta,A (2644) Asian
Continental op 2012 (7) 1/2}) 11. Bxe7 (11. e4 {Probablement une simple
transposition par rapport à la suite de la partie}) 11... Qxe7 12. e4 Bg4 (
12... Rd8 13. Qa4 (13. Qb3) 13... Bd7 14. Qb3 {Can,E (2476)-Sutovsky,E (2700)
EU-ch 13th Plovdiv 2012 (1) 0-1} (14. O-O-O)) 13. a3 Bxf3 14. gxf3 Rd8 $1 {
[%csl Gd8][%cal Gd8d1,Gb4d3] Gagnant un tempo important} 15. Qa4 {82} Nd3+ {64}
16. Bxd3 Rxd3 17. Qb5 (17. f4 $5 $146 {Renforce le centre
et renonce au oo qui semble assez risqué} O-O 18. Rd1 {L'idée de cette
nouveauté f4} Rxd1+ (18... Rfd8 19. Nd5) (18... Rxc3 19. bxc3 Qh4 20. e6 $5 fxe6 21. Qb3 Qxf4 22. Qxe6+ Kh8 23. O-O Ne5 $44 ) 19.
Kxd1 $1 {Roquant "à la main"} Rd8+ 20. Kc1 Rd4 21.
Qb5 Qh4 22. Nd5 {[%cal Gd5f4,Gd5f6] Avec des chances réciproques}) 17... Rd4 (
17... Rxf3 18. Qxb7 Nd8 $132 {Arnaudov,P (2476)-Cheparinov,I (2664) BUL-ch
Panagyurishte 2012 (9) 0-1}) 18. f4 {71} (18. O-O $143 Qg5+ 19. Kh1 Qf4 ) (18. Nd5 $5 {[%cal Gd5e7] Permettait une variante
"romantique" avec double sacrifice de R} Qxe5 19. Qxb7 Rxe4+ $1 20. fxe4 Qxe4+
21. Ne3 Qxh1+ 22. Kd2 Qxa1 23. Qxc6+ Kf8 (23... Ke7 24. Qc5+ Kf6 25. Qc3+) 24.
Qf6 Rg8 25. Nd5 $44 {Le couple N+ Q est toujours redoutable}) 18... O-O {55}
19. Qxb7 {58} (19. h4 Qe6 20. Qe2 Rfd8 21. h5 Qb3 22. hxg6 hxg6 23. Rh3 Rd2 24.
Qg4 R2d3 25. Rxd3 Rxd3 26. Rd1 Rxd1+ 27. Nxd1 Nd4 28. Qd7 Qd3 29. Qd8+ Kg7 30.
Qf6+ Kg8 31. Qd8+ Kg7 {1/2-1/2 (31) Zhao,J (2577)-Gao,R (2427) Ho Chi Minh
City 2012}) 19... Qe6 $1 $36 20. O-O (20. Qxc7 $6 Rc8 21.
Qb7 Rb8 22. Qa6 Rxb2 $36) 20... Qg4+ 21. Kh1 Qf3+ 22. Kg1 Rc4 23. Qb5 $2 {
[%cal Gb5c4] Un coup naturel mais le GMI va trouver une belle réponse} (23.
Nd5 Nd4 24. Rae1 Qg4+ (24... Ne2+ 25. Rxe2
Qxe2 26. Ne3) 25. Kh1 Qh3 26. Qa6 Nf3 27. Ne7+ Kg7 28. Qf6+ Kh6 29. Nf5+ Kh5
30. Ng7+ Kh6 {Spectaculaire mais il n'y a probablement pas plus que la nulle})
23... Qxf4 $3 24. Ne2 (24. f3 Nxe5 25. Kh1 Rd8 26. Nd5 Rxd5 27.
Qxd5 Rc2 ) 24... Qg4+ 25. Ng3 Nd4 $1 26. f3 (26. Qxc4 Nf3+ 27. Kg2
Nh4+ 28. Kg1 Qf3) 26... Qxg3+ 27. hxg3 Nxb5 28. Rfc1 Rxc1+ 29. Rxc1 Rd8 0-1

[Event "Plancoet op-A 10th"]
[Site "Plancoet"]
[Date "2013.07.30"]
[Round "2"]
[White "Kukov, Velislav"]
[Black "Vovk, Yuri"]
[Result "1-0"]
[ECO "A16"]
[WhiteElo "2370"]
[BlackElo "2608"]
[Annotator "RR"]
[PlyCount "101"]
[EventDate "2013.07.28"]
[EventType "swiss"]
[EventRounds "9"]
[EventCountry "FRA"]
[SourceTitle "EXT 2017"]
[Source "ChessBase"]
[SourceDate "2016.10.25"]
[SourceVersion "1"]
[SourceVersionDate "2016.10.25"]
[SourceQuality "1"]
[TimeControl "40/5400+30:1800+30"]

1. Nf3 Nf6 2. c4 g6 3. Nc3 d5 4. Qa4+ (4. cxd5) 4... Bd7 5. Qb3 dxc4 6. Qxc4
Bg7 (6... a6 7. d4 b5 8. Qb3 c5 9. dxc5 Bg7 10. e4 O-O 11. Be2 Be6 12. Qc2 Nbd7
13. Be3 Rc8 14. Rd1 b4 15. Nd5 Bxd5 16. exd5 Nxc5 17. O-O a5 18. h3 Nce4 19.
Qb3 Qd6 20. Bb5 Nc5 21. Qc4 Na4 22. Qb3 Nc5 {1/2-1/2 (22) Ivanchuk,V (2766)
-Wang Hao (2737) Beijing 2012}) 7. Ne5 (7. d4) (7. e4) 7... Be6 8. Qb5+ Nbd7 9.
Nxd7 Qxd7 10. Qxd7+ $146 (10. Qxb7 O-O 11. e3 Nd5 12. Bb5 Qd6 13. Qc6 Rab8 14.
Qxd6 exd6 15. Ba4 Nb4 16. O-O c5 17. b3 d5 18. Ba3 d4 19. exd4 Bxd4 20. Rac1
Rfd8 21. Bxb4 cxb4 22. Ne2 Bf5 23. Rfd1 Bb2 24. Rc7 Bd3 25. Nc1 Bf5 26. h3 Rbc8
27. Rxc8 Rxc8 28. Ne2 Rc2 29. Bb5 Bf6 30. Ng3 Rxa2 31. Nxf5 gxf5 32. d4 Kf8 33.
d5 f4 34. Rd3 Bc3 35. d6 Rd2 36. Rxd2 Bxd2 {1/2-1/2 (36) Georgiev,K (2637)
-Neverov,V (2566) Budva 2003}) 10... Kxd7 11. e4 c5 12. Bb5+ Kc7
13. d3 Ng4 14. f3 Ne5 15. Bf4 Kb6 16. Bxe5 (16. O-O-O Nxf3 $1 ) 16... Bxe5 17. Bc4 Bxc4 18. dxc4 Ka5 (18... Bxc3+ $5 19. bxc3 Rad8 20.
Rb1+ (20. Ke2 Rd7 21. Rhd1 Rhd8) 20... Kc7 21. Ke2) 19. O-O-O Rhd8 20. Kc2 e6
21. a3 a6 22. g3 b5 23. f4 Bd4 24. cxb5 axb5 25. e5 b4 26. axb4+ Kxb4 27. Ra1 (27. Ne4 Ra2 ) 27... Kc4
28. Ne4 Rdb8 29. Nd6+ Kd5 30. Rxa8 Rxa8 31. Nxf7 c4 32. Ng5 Rb8 $132 33. Rb1 Rb3 $2 (33... h6 $142 {Le coup naturel mais les Noirs étaient
peut-être en zeitnot} 34. Nf3 Rb3 35. Nxd4 Kxd4 36. Rd1+ Ke4 37. Rd6 g5 38.
Rxe6 gxf4 39. gxf4 Kxf4 40. Re8 Rh3 41. e6 Ke5 $1 42. e7 Ke6 $11) 34. Nxh7 Ke4
35. Ng5+ Kf5 36. Nf7 Ke4 37. Nd6+ Kd5 38. Ne8 Ke4 39. Nd6+ Kd5 40. Ne8 Ke4 41.
Nd6+ Kd5 42. Nc8 Ke4 43. Ne7 Re3 44. Rd1 Rb3 45. Rb1 Re3 46. Rd1 c3 47. bxc3
Rxc3+ 48. Kd2 Rc7 49. Nxg6 Be3+ 50. Ke1 Rc2 $1 $44 {[%csl Gc2,Re1] Le gain
Blanc n'est pas facile à réaliser} 51. Nh4 {suite illisible - les blancs
gagnent en 61 coups} 1-0